 Dungeon Crawl Stone Soup version 0.24-a0-115-gd155597 (console) character file.

Game seed: 4615180556337988680

11 Duffy the Chopper (level 2, 0/26 HPs)
             Began as a Naga Gladiator on Feb 16, 2019.
             Slain by an adder (3 damage)
             ... on level 3 of the Dungeon.
             The game lasted 00:00:22 (275 turns).

Duffy the Chopper (Naga Gladiator)                   Turns: 275, Time: 00:00:22

Health: 0/26       AC:  3    Str: 16    XL:     2   Next: 25%
Magic:  2/2        EV: 10    Int:  8    God:
Gold:   15         SH:  0    Dex: 12    Spells: 1/1 levels left

rFire    . . .     SeeInvis +   j - +4 hand axe
rCold    . . .     Gourm    .   (no shield)
rNeg     . . .     Faith    .   b - +0 leather armour
rPois    +         Spirit   .   c - +0 helmet
rElec    .         Reflect  .   (no cloak)
rCorr    .         Harm     .   (no gloves)
MR       .....                  (no barding)
Stlth    +.........             (no amulet)
HPRegen  0.08/turn              (no ring)
MPRegen  0.08/turn              (no ring)

@: lethally poisoned (0 -> -4), short of breath, very slow
A: large, see invisible, deformed body, poison resistance, slowness 2, slow
metabolism 1, spit poison 1, AC +0
a: Spit Poison


You were on level 3 of the Dungeon.
You were not hungry.

You visited 1 branch of the dungeon, and saw 3 of its levels.

You collected 15 gold pieces.

Inventory:

Hand Weapons
 a - a +0 war axe
 j - a +4 hand axe (weapon)
Missiles
 d - 3 throwing nets (quivered)
Armour
 b - a +0 leather armour (worn)
 c - a +0 helmet (worn)
Scrolls
 e - a scroll of identify {unknown}
 h - a scroll of magic mapping {unknown}
 i - a scroll of noise {unknown}
Comestibles
 f - a ration


   Skills:
 - Level 2.0 Fighting
 + Level 3.6 Axes
 - Level 1.7 Throwing
 - Level 2.4 Dodging


You had one spell level left.
You didn't know any spells.
Your spell library was empty.

Dungeon Overview and Level Annotations

Branches:
Dungeon (3/15)

Altars:


Innate Abilities, Weirdness & Mutations

You cannot wear boots.
Your serpentine skin is tough. (AC +0)
You have supernaturally acute eyesight. (SInv)
Armour fits poorly on your strangely shaped body.
Your system is resistant to poisons. (rPois)
You cover ground very slowly.
You have a slow metabolism.
You can spit poison.


Message History

The adder is moderately wounded.
You barely miss the orc. The adder bites you. The orc closely misses you.
You are too injured to fight recklessly!
The orc hits you but does no damage. The adder barely misses you.
The adder barely misses you. The adder bites you.
You are poisoned.
The adder poisons you!
Found a scroll labeled INELAMOBUSYA.
Press: ? - help, Shift-Dir - straight line, f - adder
Aim: an adder (moderately wounded)
The splash of poison misses the adder.
The splash of poison hits the hobgoblin!
The hobgoblin is poisoned.
You kill the hobgoblin!
You feel slightly more hungry.
You feel sick. The adder bites you. x2
You hit the adder.
The adder is almost dead.
The adder bites you.
You die...

#...#...#
#.......#
######....(..###
#.........>...r.
#####....###.#
#..<...#r....#
#......#o#.....#
#....#.#S#####.#
#....#.#@#
#....#.#...?....
......#########.#
......# #.......


You could see an adder, an orc and a rat.

Vanquished Creatures
  A dart slug (D:1)
  A bat (D:1)
  2 hobgoblins
  2 frilled lizards (D:1)
  4 rats (D:1)
10 creatures vanquished.

Notes
Turn   | Place    | Note
-------+----------+-------------------------------------------
     0 | D:1      | Duffy the Naga Gladiator began the quest for the Orb.
     0 | D:1      | Reached XP level 1. HP: 19/19 MP: 1/1
    82 | D:1      | Reached XP level 2. HP: 24/26 MP: 2/2
   275 | D:3      | Slain by an adder

Levels and vault maps discovered:
D:1:      shiori_arrival_oz, layout_loops_corners, minivault_23
D:2:      layout_loops_corners, tgw_fedhas, grunt_ministairs_15
D:3:      layout_basic, first_ration, ebering_dispersal_statue_hall,
          minmay_misc_feat_hallway, eino_tiny_chamber

Action                   || total
-------------------------++-------
Melee: War axe           ||    13
       Hand axe          ||     4
 Abil: Spit Poison       ||     1
Armor: Leather armour    ||     3
Dodge: Dodged            ||    10

Table legend:
 A = Non-vault XP
 B = Vault XP
 C = Vault XP percentage of total XP
 D = Non-vault monster count
 E = Vault monster count
 F = Vault count percentage of total count
                 A         B        C        D         E       F
            +---------+---------+-------+---------+---------+-------
      Total |      16 |       0 |   0.0 |      10 |       0 |   0.0
            +---------+---------+-------+---------+---------+-------
        D:1 |      14 |       0 |   0.0 |       9 |       0 |   0.0
        D:3 |       2 |       0 |   0.0 |       1 |       0 |   0.0
            +---------+---------+-------+---------+---------+-------
